Map: Base du roi Sejong EC

Players

Habibi - Winner!

  • Race: Protoss Protoss
  • League: Platinum
  • Spawn Location: 5:00

zidar

  • Race: Zerg Zerg
  • League: Platinum
  • Spawn Location: 11:00

VOD

Have the link to the VOD?

Description

Time

  • Played on: Nov. 19, 2016, 10:40 a.m.
  • Length: 7:37
Show
View Real Time Build Order
Export as new Build Order

Habibi Protoss - Winner!

Build Orders:  

Get SALT Encoding   

  12  0:01  Probe (Chrono Boost)  
  13  0:11  Probe (Chrono Boost)  
  14  0:20  Pylon  
  14  0:22  Probe (Chrono Boost)  
  15  0:38  Probe (Chrono Boost)  
  15  0:40  Gateway  
  16  0:49  Probe (Chrono Boost), Assimilator  
  17  0:59  Probe (Chrono Boost)  
  17  1:03  Gateway  
  18  1:10  Probe (Chrono Boost)  
  19  1:20  Assimilator  
  19  1:21  Probe (Chrono Boost)  
  20  1:36  Pylon  
  20  1:41  Cybernetics Core  
  20  1:45  Probe (Chrono Boost)  
  21  1:56  Probe (Chrono Boost)  
  22  2:06  Probe (Chrono Boost)  
  23  2:17  Adept  
  23  2:18  Adept  
  23  2:19  Warp Gate  
  23  2:22  Mothership Core (Chrono Boost)  
  29  2:26  Gateway  
  29  2:44  Nexus  
  29  2:51  Adept  
  31  3:07  Pylon  
  31  3:25  Adept, Probe (Chrono Boost)  
  34  3:28  Adept  
  34  3:29  Adept  
  38  3:36  Probe (Chrono Boost)  
  39  3:48  Twilight Council  
  39  3:56  Probe (Chrono Boost)  
  39  3:57  Pylon  
  39  3:59  Pylon  
  41  4:03  Probe (Chrono Boost)  
  41  4:06  Probe (Chrono Boost)  
  42  4:13  Probe (Chrono Boost)  
  44  4:17  Probe (Chrono Boost)  
  44  4:23  Probe (Chrono Boost)  
  45  4:25  Resonating Glaives (Chrono Boost)  
  45  4:27  Probe  
  46  4:33  Probe  
  46  4:35  Gateway  
  46  4:36  Gateway  
  47  4:39  Probe  
  47  4:43  Adept, Probe  
  51  4:51  Probe  
  52  4:54  Probe, Stalker  
  55  5:04  Probe x2  
  57  5:15  Probe  
  57  5:16  Probe  
  57  5:17  Adept  
  57  5:18  Adept x2  
  65  5:25  Probe  
  65  5:28  Probe  
  65  5:36  Pylon  
  65  5:44  Adept x2  
  65  5:47  Nexus  
  68  5:50  Pylon  
  56  6:10  Gateway  
  56  6:12  Gateway  
  56  6:20  Stalker x3  
  56  6:23  Adept x2  
  66  6:33  Probe  
  67  6:45  Probe  
  68  6:57  Probe  
  63  7:27  Adept x3  
  63  7:28  Adept x2  
Show
View Real Time Build Order
Export as new Build Order

zidar Zerg 

Build Orders: Pool First 

Get SALT Encoding   

  12  0:02  Drone  
  13  0:12  Overlord  
  13  0:17  Drone  
  14  0:31  Drone x2  
  16  0:45  Spawning Pool, Drone  
  16  1:10  Hatchery  
  15  1:13  Drone  
  15  1:16  Extractor  
  15  1:18  Drone  
  16  1:31  Queen  
  18  1:52  Evolution Chamber  
  17  1:57  Drone  
  17  1:59  Drone  
  19  2:05  Drone  
  19  2:07  Queen  
  22  2:34  Zergling x8  
  26  2:41  Extractor  
  25  3:12  Zergling x6  
  28  3:14  Metabolic Boost  
  28  3:29  Lair  
  28  3:35  Roach Warren  
  28  3:41  Zergling x2  
  28  3:44  Overlord x3  
  28  3:57  Pneumatized Carapace  
  28  4:02  Drone  
  29  4:07  Drone  
  30  4:12  Drone  
  31  4:17  Drone  
  32  4:30  Drone x2  
  34  4:33  Drone  
  35  4:41  Zerg Melee Weapons Level 1  
  35  4:46  Drone  
  35  4:48  Drone  
  35  4:49  Drone  
  38  5:14  Glial Reconstitution  
  38  5:23  Drone x5  
  38  5:25  Drone  
  44  5:40  Overseer  
  44  5:46  Hatchery  
  40  6:13  Baneling Nest  
  39  6:23  Extractor  
  39  6:24  Drone x9  
  47  6:28  Extractor  
  46  6:38  Infestation Pit  
  45  6:54  Zergling x2  
  45  6:55  Zergling x12  
Tags
 
Add a new tag
Caveats
  • Supply blocks, unpowered buildings, or Contaminate may cause inaccurate times.
  • Supply counts are checked every 10 seconds.